 Dungeon Crawl Stone Soup version 0.28.0-47-ge53b351184 (webtiles) character file.

Game seed: 11021294018340782034

1699 pkoi the Ruffian (level 8, -2/62 HPs)
             Began as a Demigod Fighter on May 5, 2022.
             Slain by a vampire mosquito (5 damage)
             ... on level 7 of the Dungeon.
             The game lasted 00:09:25 (8964 turns).

pkoi the Ruffian (Demigod Fighter)                  Turns: 8964, Time: 00:09:25

Health: -2/62      AC: 14    Str: 21    XL:     8   Next: 44%
Magic:  0/10       EV:  7    Int: 10    God:
Gold:   219        SH:  6    Dex: 17    Spells: 7/7 levels left

rFire   . . .      SeeInvis .   C - +2 whip (flame)
rCold   . . .      Faith    .   b - +0 buckler
rNeg    . . .      Spirit   +   p - +0 chain mail
rPois   .          Reflect  .   n - +1 helmet
rElec   .          Harm     .   (no cloak)
rCorr   +          Rampage  .   x - +0 pair of gloves
Will    +....                   u - +0 pair of boots
Stlth   ..........              B - amulet of guardian spirit
HPRegen 0.20/turn               l - ring of willpower
MPRegen 0.12/turn               y - ring of resist corrosion

@: no status effects
A: high MP 1, forlorn, divine attributes
a: no special abilities


You were on level 7 of the Dungeon.
You visited 1 branch of the dungeon, and saw 7 of its levels.

You collected 219 gold pieces.

Inventory:

Hand Weapons
 d - a +0 whip
 e - a +0 vampiric dagger
 q - a +1 short sword of speed
 v - a +2 trident of venom
 C - a +2 whip of flaming (weapon)
Missiles
 f - 466 stones (quivered)
 j - 16 boomerangs
 o - 3 javelins
 D - 6 poisoned darts
Armour
 b - a +0 buckler (worn)
 n - a +1 helmet (worn)
 p - a +0 chain mail (worn)
 u - a +0 pair of boots (worn)
 x - a +0 pair of gloves (worn)
Jewellery
 l - a ring of willpower (left hand)
 t - a ring of ice
 y - a ring of resist corrosion (right hand)
 B - an amulet of guardian spirit (around neck)
 E - a ring of willpower
Wands
 w - a wand of mindburst (6)
Scrolls
 a - a scroll of fear
 i - a scroll of teleportation
Potions
 c - a potion of might
 g - 2 potions of mutation {unknown}
 h - a potion of berserk rage
 k - 2 potions of heal wounds
 m - a potion of haste
 r - 2 potions of curing
 s - 2 potions of brilliance {unknown}
 z - a potion of flight
 A - a potion of cancellation {unknown}


   Skills:
 + Level 2.9 Fighting
 + Level 5.7 Armour
 + Level 5.7 Shields
 * Level 7.4 Unarmed Combat


You had 7 spell levels left.
You didn't know any spells.
Your spell library was empty.

Dungeon Overview and Level Annotations

Branches:
Dungeon (7/15)             Temple (0/1) D:4

Shops:
D:4 [

Annotations:
D:2 1 runed translucent door, Crazy Yiuf, Sigmund


Innate Abilities, Weirdness & Mutations

You have an increased reservoir of magic. (+10% MP)
You shall have no god before yourself.
Your divine heritage dramatically boosts your attributes as you level up.


Message History

Unknown command.
You completely miss the vampire mosquito.
The vampire mosquito is heavily damaged.
The vampire mosquito bites you but does no damage.
The vampire mosquito bites you!
* * * LOW HITPOINT WARNING * * *
The vampire mosquito draws strength from your injuries!
The vampire mosquito bites you but does no damage.
Aiming: Mindburst
Press: ? - help, Shift-Dir - straight line, f - vampire mosquito
Aim: a vampire mosquito (moderately damaged, chance to affect: 64%)
The vampire mosquito struggles to resist.
The vampire mosquito bites you.
* * * LOW HITPOINT WARNING * * *
The vampire mosquito draws strength from your injuries!
The vampire mosquito bites you but does no damage.
Aiming: Mindburst
Press: ? - help, Shift-Dir - straight line, f/p - vampire mosquito
Aim: a vampire mosquito (lightly damaged, chance to affect: 64%)
The vampire mosquito's mind is blasted!!
A vampire mosquito comes into view.
The vampire mosquito bites you but does no damage.
The vampire mosquito barely misses you.
Aiming: Mindburst
Press: ? - help, Shift-Dir - straight line, f/p - vampire mosquito
Aim: a vampire mosquito (almost destroyed, chance to affect: 64%)
The vampire mosquito's mind is blasted!
You blow up the vampire mosquito!
Unknown command.
Aiming: Mindburst
Press: ? - help, Shift-Dir - straight line, f - vampire mosquito
Aim: a vampire mosquito (chance to affect: 64%)
The vampire mosquito's mind is blasted!
You block the vampire mosquito's attack. x2
Unknown command.
Aiming: Mindburst
Press: ? - help, Shift-Dir - straight line, f/p - vampire mosquito
Aim: a vampire mosquito (moderately damaged, chance to affect: 64%)
The vampire mosquito's mind is blasted!
The vampire mosquito bites you!
You die...

#............
#....(.......
####.###.....
#.........
#############...#.
#.........# #.#>#.
#.#######.# #.#.#.
#.# #####.###.#...
#@# #.........#.##
#y# #......####.##
..# #......# #..#
.... #......# ##.#
...##
#......#####.#
....
#.............
#....
#......#####.#
#.... #......# #.#
#.#


You could see a vampire mosquito.

Vanquished Creatures
  A steam dragon (D:6)
  A vampire mosquito (D:7)
  A water moccasin (D:6)
  A black bear (D:6)
  A sky beast (D:6)
  A centaur (D:3)
  A phantom (D:6)
  A kobold brigand (D:5)
  A bullfrog (D:6)
  2 scorpions
  A water moccasin skeleton (D:6)
  6 hounds
  A bullfrog skeleton (D:5)
  3 jellies
  An orc priest (D:4)
  2 orc wizards (D:6)
  3 iguanas
  3 killer bee zombies
  A howler monkey skeleton (D:5)
  3 gnolls (D:5)
  7 adders
  A white imp (D:6)
  A worm (D:2)
  A dart slug (D:1)
  9 orcs
  7 endoplasms
  7 giant cockroaches
  7 hobgoblins
  4 quokkas
  8 ball pythons
  4 bats
  8 goblins
  13 kobolds
  8 rats
120 creatures vanquished.

Notes
Turn   | Place    | Note
-------+----------+-------------------------------------------
     0 | D:1      | pkoi the Demigod Fighter began the quest for the Orb.
     0 | D:1      | Reached XP level 1. HP: 18/18 MP: 3/3
    91 | D:1      | Reached skill level 2 in Unarmed Combat
   524 | D:1      | Reached XP level 2. HP: 25/25 MP: 4/4
  1221 | D:2      | Reached XP level 3. HP: 25/30 MP: 5/5
  1787 | D:2      | Found a runed translucent door.
  1788 | D:2      | Noticed Crazy Yiuf
  2059 | D:2      | Noticed Sigmund
  2146 | D:2      | Reached skill level 3 in Unarmed Combat
  2746 | D:3      | Noticed a centaur
  2762 | D:3      | Killed a centaur
  2763 | D:3      | Reached XP level 4. HP: 23/37 MP: 6/6
  3219 | D:3      | Reached XP level 5. HP: 42/42 MP: 7/7
  3717 | D:4      | Reached skill level 4 in Unarmed Combat
  4628 | D:4      | Reached XP level 6. HP: 49/50 MP: 8/8
  4847 | D:4      | Found a staircase to the Ecumenical Temple.
  4860 | D:4      | Found Reupleu's Antique Armour Emporium.
  5040 | D:5      | Entered Level 5 of the Dungeon
  5653 | D:5      | Reached skill level 5 in Unarmed Combat
  6968 | D:5      | Reached XP level 7. HP: 51/56 MP: 9/9
  7371 | D:6      | Reached skill level 6 in Unarmed Combat
  7581 | D:6      | Reached skill level 5 in Armour
  7581 | D:6      | Reached skill level 5 in Shields
  8140 | D:5      | Reached XP level 8. HP: 51/62 MP: 10/10
  8433 | D:6      | Reached skill level 7 in Unarmed Combat
  8960 | D:7      | HP: 3/62 [vampire mosquito (4)]
  8964 | D:7      | Slain by a vampire mosquito

Illustrated notes

Levels and vault maps discovered:
D:1:      dpeg_arrival_houses_and_road, layout_loops_ring
D:2:      layout_basic, hellmonk_ecumenical_altar_run_dry, corner_web_ring,
          uniq_crazy_yiuf_cottage, uniq_sigmund
D:3:      layout_basic, minmay_ruptured
D:4:      layout_cave_pools, nzn_wu_jian_contemplation,
          nicolae_overflow_squiral, minmay_temple_entry_slanted, serial_shops,
          shop
D:5:      layout_basic, kennysheep_little_box
D:6:      layout_cave_pools, serial_co_window_serial, co_window_paths_b,
          co_window_paths_a, co_window_corner_a, co_window_corner_a,
          co_window_paths_a, co_window_paths_a, co_window_paths_a,
          co_window_broadway_c, co_window_2corner, co_window_unsneaky_path_e,
          co_window_paths_c, co_window_paths_e, co_window_4corner_b,
          glass_columns_b, grunt_ministairs_2
D:7:      kennysheep_seaside_town, layout_basic

Skill      XL: |  1  2  3  4  5  6  7  8 |
---------------+-------------------------+-----
Unarmed Combat | 2 3 4 5 6 7 |  7.4
Shields        | 3 4 5 |  5.7
Armour         | 3 4 5 |  5.7
Fighting       | |  2.9

Action                   |  1- 3 |  4- 6 |  7- 9 || total
-------------------------+-------+-------+-------++-------
Melee: Whip              |   205 |       |    26 ||   231
       Short sword       |    22 |   296 |    61 ||   379
       Trident           |       |    15 |   109 ||   124
Evoke: Wand              |       |       |     5 ||     5
  Use: Scroll            |     1 |    10 |     3 ||    14
Armor: Scale mail        |    72 |       |       ||    72
       Chain mail        |    39 |   130 |   143 ||   312
Dodge: Dodged            |   101 |    82 |    56 ||   239
Block: Buckler           |    34 |    53 |    56 ||   143
